 Dungeon Crawl Stone Soup version 0.19.1-1-g22dce08 (webtiles) character file.

383 Alarkh the Chopper (level 6, -1/47 HPs)
             Began as a Demonspawn Monk on Jan 7, 2017.
             Was a Believer of Okawaru.
             Slain by a worker ant (3 damage)
             ... on level 4 of the Dungeon.
             The game lasted 00:04:31 (3635 turns).

Alarkh the Chopper (Demonspawn Monk)                Turns: 3635, Time: 00:04:31

Health: -1/47      AC:  5    Str: 11    XL:     6   Next: 47%
Magic:  6/6        EV: 13    Int: 14    God:    Okawaru [**....]
Gold:   168        SH:  0    Dex: 15    Spells: 0 memorised, 5 levels left

rFire  . . .     SeeInvis .     a - +1 hand axe
rCold  . . .     Gourm    .     b - +0 robe
rNeg   . . .     Faith    .     (no shield)
rPois  .         Spirit   .     (helmet restricted)
rElec  .         Reflect  .     (no cloak)
rCorr  .         Harm     .     q - +0 pair of gloves
MR     +....                    (no boots)
Stlth  +++.......               (no amulet)
                                (no ring)
                                t - ring of protection from magic

@: lethally poisoned (-1 -> -20), starving
A: horns 1, thin metallic scales 1, nightstalker 1
a: Heroism, Renounce Religion


You were on level 4 of the Dungeon.
You worshipped Okawaru.
Okawaru was pleased with you.
You were starving.

You visited 1 branch of the dungeon, and saw 4 of its levels.

You collected 168 gold pieces.

Inventory:

Hand Weapons
 a - a +1 hand axe (weapon)
Armour
 b - a +0 robe (worn)
 q - a +0 pair of gloves (worn)
Jewellery
 t - a ring of protection from magic (left hand)
Wands
 d - a wand of paralysis (13/24)
Scrolls
 e - a scroll of identify
 g - a scroll of fog
 h - a scroll of recharging
 i - a scroll of teleportation {unknown}
 k - a scroll of amnesia
 l - a scroll of immolation {unknown}
 o - a scroll of remove curse {unknown}
 r - a scroll of blinking {unknown}
Potions
 n - a potion of invisibility
Comestibles
 c - 2 bread rations
 f - a fruit
 m - a meat ration
 p - a slice of pizza


   Skills:
 - Level 3.0 Fighting
 + Level 6.7 Axes
 - Level 2.6 Dodging
 - Level 1.7 Stealth


You had 5 spell levels left.
You didn't know any spells.

Dungeon Overview and Level Annotations

Branches:
Dungeon (4/15)
 Temple: D:4-7

Altars:
Okawaru
The Shining One

Annotations:
D:4 Alarkh's ghost, amateur DsMo


Innate Abilities, Weirdness & Mutations

You have a pair of small horns on your head.
You are partially covered in thin metallic scales. (AC +2)
You are slightly more attuned to the shadows.


Message History

You are more poisoned.
The worker ant poisons you!
You closely miss the worker ant.
The worker ant is almost dead.
You feel sick. The worker ant bites you.
* * * LOW HITPOINT WARNING * * *
The worker ant bites you!
* * * LOW HITPOINT WARNING * * *
Okay, then.
Okay, then.
* * * LOW HITPOINT WARNING * * *
You feel sick. The worker ant bites you.
* * * LOW HITPOINT WARNING * * *
You are more poisoned.
The worker ant poisons you!
You see here a sharpened silver wand.
d - a wand of paralysis
* * * LOW HITPOINT WARNING * * *
You feel sick. The worker ant bites you.
You die...

.##...............#
.##...............#
.##...............
.##.............. .
...............##.# ..
..................# ...
.....###......#####....
....## ######.+..(....#
....# #.##@.....# ....#
#..)a.....# #.#.#
#.........# #.
+......#### #.....##
#.....# #......#
#....###


You could see a worker ant.

Vanquished Creatures
  Grinder (D:3)
  A bullfrog skeleton (D:4)
  A howler monkey skeleton (D:4)
  6 adders
  2 oozes
  A worm (D:2)
  2 dart slugs
  4 leopard geckos
  9 orcs
  2 ball pythons (D:2)
  12 bats
  2 giant cockroaches
  8 goblins
  5 hobgoblins
  3 jackals
  8 kobolds
  3 frilled lizards
  8 rats
78 creatures vanquished.

Notes
Turn   | Place    | Note
-------+----------+-------------------------------------------
     0 | D:1      | Alarkh the Demonspawn Monk began the quest for the Orb.
     0 | D:1      | Reached XP level 1. HP: 18/18 MP: 1/1
    85 | D:1      | Reached skill level 3 in Axes
   335 | D:1      | Gained mutation: You have a pair of small horns on your head. [demonic ancestry]
   335 | D:1      | Reached XP level 2. HP: 21/24 MP: 2/2
  1067 | D:2      | Reached XP level 3. HP: 29/29 MP: 3/3
  1130 | D:2      | Reached skill level 4 in Axes
  1643 | D:2      | Gained mutation: You are partially covered in thin metallic scales. (AC +2) [demonic ancestry]
  1643 | D:2      | Reached XP level 4. HP: 35/35 MP: 4/4
  2290 | D:3      | Reached skill level 5 in Axes
  2565 | D:3      | Noticed Grinder
  2951 | D:3      | Reached XP level 5. HP: 39/41 MP: 5/5
  2972 | D:4      | Noticed Alarkh's ghost (amateur DsMo)
  3003 | D:3      | Found a glowing golden altar of the Shining One.
  3084 | D:3      | Found an iron altar of Okawaru.
  3096 | D:3      | Became a worshipper of Warmaster Okawaru
  3096 | D:3      | Reached * piety under Okawaru
  3096 | D:3      | Reached ** piety under Okawaru
  3186 | D:3      | Paralysed by Grinder for 5 turns
  3210 | D:3      | Killed Grinder
  3210 | D:3      | Reached skill level 6 in Axes
  3210 | D:3      | Gained mutation: You are slightly more attuned to the shadows. [demonic ancestry]
  3210 | D:3      | Reached XP level 6. HP: 24/47 MP: 3/6
  3635 | D:4      | HP: 2/47 [poisoned by a worker ant]
  3635 | D:4      | Slain by a worker ant

Skill      XL: |  1  2  3  4  5 |
---------------+----------------+-----
Axes           | 3 4 5 6 |  6.7
Fighting       | |  3.0
Dodging        | |  2.6
Stealth        | |  1.7

Action                   |  1- 3 |  4- 6 || total
-------------------------+-------+-------++-------
Melee: Hand axe          |   112 |   191 ||   303
       Headbutt          |    11 |    25 ||    36
Invok: Heroism           |       |     4 ||     4
  Use: Scroll            |     2 |     3 ||     5
       Potion            |     1 |     2 ||     3
 Stab: Sleeping          |     3 |     4 ||     7
       Distracted        |     1 |       ||     1
  Eat: Chunk             |     2 |     4 ||     6
       Fruit             |       |     1 ||     1
Armor: Robe              |    31 |    43 ||    74
       Skin              |       |    14 ||    14
Dodge: Dodged            |   110 |   118 ||   228
